 Dungeon Crawl Stone Soup version 0.30.1-9-gdf580d7c3d (webtiles) character file.

Game seed: 16308306584483787968

735 ChiefBigBeans the Digger (level 7, 0/36 HPs)
             Began as a Gargoyle Earth Elementalist on Sept 26, 2023.
             Was a Follower of Zin.
             Slain by an orc
             ... wielding a +0 hand axe
              (6 damage)
             ... on level 5 of the Dungeon.
             The game lasted 00:09:11 (4633 turns).

ChiefBigBeans the Digger (GrEE)                     Turns: 4633, Time: 00:09:11

Health: 0/36       AC:  9    Str: 11    XL:     7   Next: 74%
Magic:  2/15       EV: 11    Int: 18    God:    Zin [*.....]
Gold:   117        SH:  0    Dex: 10    Spells: 9/17 levels left

rFire   . . .        k - +2 spear (heavy)
rCold   . . .        (no shield)
rNeg    + . .        a - +1 robe
rPois   ∞            m - +0 helmet
rElec   +            (no cloak)
rCorr   .            (no gloves)
SInv    .            j - +0 pair of boots {Stlth+}
Will    .....        (no amulet)
Stlth   +++          (no ring)
HPRegen 0.26/turn    (no ring)
MPRegen 0.14/turn

%: no passive effects
@: on recite cooldown, very slightly contaminated
A: sickness immunity, AC +4, negative energy resistance 1, electricity
resistance, torment resistance 1, petrification resistance
a: Renounce Religion, Recite, Donate Gold


You were on level 5 of the Dungeon.
You worshipped Zin.
Zin was aware of your devotion.
You visited 1 branch of the dungeon, and saw 5 of its levels.

You collected 261 gold pieces.
You donated 144 gold pieces to Zin.

Inventory:

Hand Weapons
 h - a +1 dagger of flaming
 k - a +2 heavy spear (weapon)
Armour
 a - a +1 robe (worn)
 j - a +0 pair of boots of stealth (worn)
 l - a +0 animal skin
 m - a +0 helmet (worn)
Wands
 n - a wand of iceblast (10)
Scrolls
 c - a scroll of identify
 g - 2 scrolls of fear
 p - 2 scrolls of magic mapping
Potions
 b - a potion of cancellation
 d - 2 potions of mutation
 e - 3 potions of flight
 f - 3 potions of curing
 q - a potion of heal wounds


   Skills:
 - Level 1.5 Dodging
 - Level 2.1 Stealth
 + Level 5.6 Spellcasting
 - Level 0.7 Transmutations
 + Level 7.9 Earth Magic


You had 9 spell levels left.
You knew the following spells:

 Your Spells              Type           Power      Damage    Failure   Level
a - Sandblast             Erth           66%        2d15      1%          1
b - Stone Arrow           Conj/Erth      38%        3d9       8%          3
c - Petrify               Tmut/Erth      20%        N/A       21%         4

Your spell library contained the following spells:

 Spells                   Type           Power      Damage    Failure   Level
 Passwall                 Tmut/Erth      16%        N/A       3%          2
 Shock                    Conj/Air       20%        1d4       12%         1
 Portal Projectile        Hex/Tloc       10%        N/A       36%         3
 Swiftness                Air            5%         N/A       36%         3
 Tukima's Dance           Hex            5%         N/A       36%         3
 Airstrike                Air            2%         2d(1-17)  77%         4
 Blade Hands              Tmut           3%         N/A       95%         5


Dungeon Overview and Level Annotations

Branches:
Dungeon (5/15)
 Temple: D:4-7

Altars:
Dithmenos
Okawaru
Zin


Innate Abilities, Weirdness & Mutations

You are immune to sickness and miasma.
Your stone body is resilient. (AC +4)
You are immune to poison.
You resist negative energy. (rN+)
You are resistant to electric shocks. (rElec)
You are resistant to unholy torment.
You are immune to petrification.


Message History

The orc closely misses you.
The stone arrow hits the orc wizard!
You kill the orc wizard! "...those who did not become lawful would be castigated?"
You finish reciting Abominations 6:77.
A gnoll comes into view. It is wielding a +0 halberd.
The orc barely misses you.
The stone arrow misses the orc.
An iguana comes into view.
The orc hits you but does no damage.
You don't have enough magic to cast this spell.
You hit the orc.
The orc is severely wounded.
A gnoll comes into view. It is wielding a +0 club.
The orc completely misses you. The orc hits you but does no damage.
A gnoll comes into view. It is wielding a +0 spear.
You barely miss the orc. You punch the orc, but do no damage.
The orc is severely wounded.
The orc hits you but does no damage. x2
A gnoll comes into view. It is wielding a +0 halberd.
The orc misses you. The orc barely misses you.
You hit the orc.
The orc is almost dead.
The gnoll hits you from afar with a +0 halberd.
The orc hits you but does no damage. The orc barely misses you.
You hit the orc but do no damage.
The orc is almost dead.
The gnoll hits you from afar with a +0 halberd!
The orc hits you with a +0 mace. The orc misses you.
The orc grins madly.
The gnoll hits you from afar with a +0 halberd.
A jelly comes into view.
The orc closely misses you. The orc hits you with a +0 mace!
* * * LOW HITPOINT WARNING * * *
You are too injured to fight recklessly!
You are too injured to fight recklessly!
The iguana attacks as you move away!
The iguana bites you but does no damage.
The orc hits you with a +0 hand axe.
You die...

/..... ... ..
.J....###..##...
#.......#...#.#
.....#........#.
....g...........
.....gg..........
.....g∩oo...........
.......l@...............
.......o........>........
.^.......................
.........................
.....#...................
#######..................
#######.##..)............
###.#.....##..)............
#.....#####>.....#..####...


You could see an iguana, a jelly (wandering), 4 gnolls and 3 orcs.

Vanquished Creatures
  Sigmund (D:2)
  A phantom (D:4)
  2 scorpions
  A hound (D:4)
  Ijyb (D:3)
  Jessica (D:3)
  2 iguanas (D:4)
  An orc wizard (D:5)
  Robin (D:2)
  4 gnolls (D:5)
  9 adders
  An ufetubus (D:5)
  2 worms
  4 dart slugs
  An orc (D:5)
  6 bats
  8 endoplasms
  3 giant cockroaches
  12 goblins
  6 hobgoblins
  8 kobolds
  4 quokkas
  7 ball pythons
  3 frilled lizards
  3 rats
92 creatures vanquished.

Notes
Turn   | Place    | Note
-------+----------+-------------------------------------------
     0 | D:1      | ChiefBigBeans the Gargoyle Earth Elementalist began the
                  | quest for the Orb.
     0 | D:1      | Reached XP level 1. HP: 10/10 MP: 3/3
   193 | D:1      | Reached XP level 2. HP: 15/15 MP: 1/5
   248 | D:1      | Reached skill level 4 in Earth Magic
  1212 | D:2      | Reached XP level 3. HP: 7/19 MP: 6/6
  1738 | D:2      | Noticed Sigmund
  1746 | D:2      | Killed Sigmund
  1747 | D:2      | Reached skill level 5 in Earth Magic
  1747 | D:2      | Reached XP level 4. HP: 20/24 MP: 6/10
  1747 | D:2      | Reached XP level 5. HP: 24/28 MP: 6/11
  1847 | D:2      | Reached skill level 6 in Earth Magic
  2043 | D:2      | Learned a level 3 spell: Stone Arrow
  2206 | D:3      | Noticed Jessica
  2215 | D:3      | Noticed Robin
  2219 | D:2      | Reached XP level 6. HP: 29/32 MP: 5/12
  2352 | D:2      | Killed Robin
  2391 | D:3      | Killed Jessica
  2427 | D:3      | Noticed Ijyb
  2438 | D:3      | Killed Ijyb
  2689 | D:3      | Found a shadowy altar of Dithmenos.
  2888 | D:3      | You fall into a shaft and drop 1 floor!
  3418 | D:4      | Reached XP level 7. HP: 36/36 MP: 11/14
  3423 | D:4      | Learned a level 4 spell: Petrify
  3534 | D:4      | Reached skill level 5 in Spellcasting
  3534 | D:4      | Reached skill level 7 in Earth Magic
  4054 | D:4      | Found an iron altar of Okawaru.
  4399 | D:5      | Entered Level 5 of the Dungeon
  4419 | D:5      | Noticed an angel
  4420 | D:5      | Found a glowing silver altar of Zin.
  4425 | D:5      | Became a worshipper of Zin the Law-Giver
  4425 | D:5      | Reached * piety under Zin
  4426 | D:5      | Donated 118 gold pieces to Zin
  4633 | D:5      | Slain by an orc

Illustrated notes

Levels and vault maps discovered:
D:1:      minmay_arrival_solitary_statue, layout_basic,
          minmay_large_rounded_square
D:2:      layout_loops_corners, minmay_misc_feat_four_crosses, st_stairs_3,
          uniq_sigmund
D:3:      layout_rooms, mainiacjoe_overflow_catwalk, grunt_ministairs_7,
          small_statue_intersection, uniq_robin, uniq_ijyb, uniq_jessica
D:4:      nicolae_cairo_tiling_very_big, layout_basic,
          mainiacjoe_overflow_24_doors
D:5:      layout_rooms, zin_angel, lemuel_coloured_pillars_altar,
          nemelex_spade_bored_becter, abandoned_shop,
          hangedman_decor_peaks_small

Skill      XL: |  1  2  3  4  5  6  7 |
---------------+----------------------+-----
Earth Magic    | 4 5 6 7 |  7.9
Spellcasting   | 4 5 |  5.6
Dodging        | |  1.5
Stealth        | |  2.1
Transmutations | |  0.7

Action                     |  1- 3 |  4- 6 |  7- 9 || total
---------------------------+-------+-------+-------++-------
  Melee: Dagger            |     9 |       |       ||     9
         Spear             |       |     2 |    23 ||    25
         Punch             |       |       |     2 ||     2
   Cast: Sandblast         |    46 |    64 |     6 ||   116
         Stone Arrow       |       |       |    25 ||    25
 Invoke: Recite            |       |       |     1 ||     1
         Donate Gold       |       |       |     1 ||     1
    Use: Scroll            |     4 |     6 |     2 ||    12
         Potion            |     2 |     4 |       ||     6
 Armour: Robe              |    13 |    30 |    21 ||    64
  Dodge: Dodged            |    16 |    25 |    35 ||    76
